 Dungeon Crawl Stone Soup version 0.21.1-72-gffa868e (webtiles) character file.

8292 Fang the Cleaver (level 11, -2/69 HPs)
             Began as a Gargoyle Berserker on July 31, 2018.
             Was a High Priest of Trog.
             Slain by a nine-headed hydra (11 damage)
             ... on level 10 of the Dungeon on Aug 3, 2018.
             The game lasted 00:16:05 (8254 turns).

Fang the Cleaver (Gargoyle Berserker)               Turns: 8254, Time: 00:16:05

Health: -2/69      AC:  9    Str: 24    XL:     11   Next: 28%
Magic:  3/3        EV: 14    Int:  8    God:    Trog [*****.]
Gold:   425        SH:  0    Dex: 13    Spells: 10/10 levels left

rFire    . . .     SeeInvis .   G - +7 executioner's axe (antimagic)
rCold    + . .     Gourm    .   (shield currently unavailable)
rNeg     + + +     Faith    .   r - +2 leather armour {rF+}
rPois    ∞         Spirit   .   (no helmet)
rElec    +         Reflect  .   (no cloak)
rCorr    .         Harm     .   (no gloves)
MR       .....                  (no boots)
Stlth    +++.......             l - amulet of rage
HPRegen  0.21/turn              A - ring "Kejur" {*Corrode +Blink rPois rN++ Dex+4}
MPRegen  0.08/turn              q - ring of ice

@: corroded
A: negative energy resistance 1, electricity resistance, unbreathing,
petrification resistance, rot immunity, AC +8
a: Berserk, Trog's Hand, Brothers in Arms, Burn Spellbooks, Renounce Religion,
Evoke Blink, Evoke Berserk Rage


You were on level 10 of the Dungeon.
You worshipped Trog.
Trog was extremely pleased with you.
You were very hungry.

You visited 2 branches of the dungeon, and saw 11 of its levels.

You collected 425 gold pieces.

Inventory:

Hand Weapons
 a - a +0 hand axe
 o - a +5 war axe of electrocution
 G - a +7 antimagic executioner's axe (weapon)
Missiles
 d - 6 javelins of penetration (quivered)
Armour
 g - a +1 plate armour of cold resistance
 r - a +2 leather armour of fire resistance (worn)
Jewellery
 i - an uncursed ring of resist corrosion
 l - an amulet of rage (around neck)
 q - a ring of ice (right hand)
 A - the ring "Kejur" (left hand) {*Corrode +Blink rPois rN++ Dex+4}
   (You found it on level 8 of the Dungeon)

   [ring of dexterity]

   It affects your dexterity (+4).
   It protects you from poison.
   It greatly protects you from negative energy.
   It lets you blink.
   It may corrode you when you take damage.
Wands
 v - a wand of iceblast (12)
 x - a wand of digging (8)
 C - a wand of acid (7)
 E - a wand of paralysis (16)
 F - a wand of random effects (17)
Scrolls
 f - 8 scrolls of remove curse
 k - 8 scrolls of teleportation
 m - a scroll of identify
 y - a scroll of magic mapping
 D - a scroll of fear
Potions
 b - a potion of cancellation
 e - a potion of mutation {unknown}
 h - a potion of might {unknown}
 j - 4 potions of curing
 n - a potion of haste {unknown}
 p - 3 potions of heal wounds
 s - 3 potions of agility
 t - 2 potions of brilliance
 u - 2 potions of flight
 w - a potion of invisibility
 z - a potion of lignification
 B - a potion of ambrosia {unknown}
Comestibles
 c - 20 rations


   Skills:
 + Level 8.3 Fighting
 + Level 12.3 Axes
 + Level 4.3 Armour
 + Level 5.2 Dodging
 + Level 5.2 Stealth


You had 10 spell levels left.
You didn't know any spells.

Dungeon Overview and Level Annotations

Branches:
Dungeon (10/15)            Temple (1/1) D:5            Lair (0/6) D:9
    Orc: D:9-12

Altars:
Ashenzari
Cheibriados
Dithmenos
Elyvilon
Fedhas
Gozag
Hepliaklqana
Kikubaaqudgha
Makhleb
Nemelex Xobeh
Okawaru
Qazlal
Ru
Sif Muna
Trog
Uskayaw
Vehumet
Wu Jian
Xom
Yredelemnul
Zin
The Shining One

Shops:
D:7 =   D:8 =:::


Innate Abilities, Weirdness & Mutations

You are resistant to torment.
Your stone body is resilient. (AC +8)
You are immune to poison.
You resist negative energy. (rN+)
You are resistant to electric shocks. (rElec)
You can survive without breathing.
You are immune to petrification.
You are immune to rotting.


Message History

The stone arrow hits your ogre.
You see here an arrow.
The centaur shoots an arrow.
The arrow barely misses you.
Your ogre hits the gargoyle with a giant club!
The gargoyle is destroyed!
Trog accepts your kill.
The centaur shoots an arrow.
The arrow hits you!
* * * LOW HITPOINT WARNING * * *
Your ogre hits the centaur with a giant club!!
The centaur dies!
Trog accepts your kill. The hungry ghost hits you.
* * * LOW HITPOINT WARNING * * *
You feel quite a bit more hungry.
Unknown command.
You feel much better. The nine-headed hydra bites you!
The nine-headed hydra misses you. The nine-headed hydra bites you!
* * * LOW HITPOINT WARNING * * *
The nine-headed hydra bites you!
You die...

.......##
.......$##
#........##
#.......<## ..
#..(.....<# #...#
##.......<#
.....###........##
..............(##
..........@...##
.........WD(.##
............##
.......)O..##
........(.##
..>......##
........##
##.....## ##...#


You could see a nine-headed hydra, a hungry ghost and a friendly ogre (berserk).

Vanquished Creatures
  A two-headed ogre (D:9)
  The ghost of MollyMolluskus the Covert, a novice OpFi of Wu Jian (D:8)
  The ghost of blackflag1 the Spear-Bearer, a novice MiGl (D:6)
  Joseph (D:8)
  The ghost of Dmg11 the Fighter, an amateur MiFi (D:3)
  The ghost of wevryn the Covered, an amateur MiFi of Okawaru (D:5)
  The ghost of llamajesus the Skirmisher, an amateur DsFi of Okawaru (D:4)
  Prince Ribbit (D:8)
  A hornet (D:8)
  A hippogriff (D:9)
  Sigmund (D:3)
  Eustachio (D:6)
  4 hogs (D:9)
  A human (D:9)
  Grum (D:8)
  A hungry ghost (D:7)
  4 orc warriors
  2 ice beasts
  A sky beast (D:8)
  2 phantoms
  3 centaurs
  2 ogres
  3 wolves (D:8)
  2 bullfrogs
  A water moccasin skeleton (D:9)
  2 scorpions (D:4)
  2 vampire bats (D:4)
  5 wights (D:7)
  4 crimson imps
  3 hounds
  5 jellies
  7 orc wizards
  6 orc priests
  4 bullfrog skeletons
  A centaur skeleton (D:9)
  7 worker ants
  An iguana (D:9)
  A killer bee zombie (D:6)
  A hound skeleton (D:5)
  3 gnolls (D:5)
  8 adders
  2 shadow imps
  8 oozes (D:3)
  An adder skeleton (D:6)
  An adder zombie (D:6)
  3 worms
  A dart slug (D:1)
  10 leopard geckos
  24 orcs
  A ball python (D:6)
  11 bats
  5 giant cockroaches
  6 goblins
  5 hobgoblins
  16 jackals
  13 kobolds
  2 quokkas (D:6)
  6 frilled lizards
  A jackal skeleton (D:6)
  8 rats
223 creatures vanquished.

Vanquished Creatures (collateral kills)
  A gargoyle (D:10)
  A centaur (D:10)
2 creatures vanquished.

Vanquished Creatures (others)
  7 toadstools (D:3)
7 creatures vanquished.

Grand Total: 232 creatures vanquished

Notes
Turn   | Place    | Note
-------+----------+-------------------------------------------
     0 | D:1      | Fang the Gargoyle Berserker began the quest for the Orb.
     0 | D:1      | Reached XP level 1. HP: 14/14 MP: 1/1
     4 | D:1      | Upgraded the game from 0.21.1-1-g345015f to 0.21.1-68-g103a7af
   270 | D:1      | Reached skill level 3 in Axes
   270 | D:1      | Reached XP level 2. HP: 19/19 MP: 2/2
   400 | D:1      | Reached XP level 3. HP: 21/24 MP: 3/3
   488 | D:1      | Reached ** piety under Trog
   705 | D:2      | Reached XP level 4. HP: 29/29 MP: 4/4
  1157 | D:2      | Reached skill level 4 in Axes
  1543 | D:3      | Noticed Sigmund
  1551 | D:3      | Killed Sigmund
  1551 | D:3      | Reached skill level 1 in Stealth
  1551 | D:3      | Reached XP level 5. HP: 33/33 MP: 5/5
  1551 | D:3      | Reached XP level 6. HP: 38/38 MP: 6/6
  1633 | D:3      | Upgraded the game from 0.21.1-68-g103a7af to 0.21.1-72-gffa868e
  1663 | D:3      | Noticed Dmg11's ghost (amateur MiFi)
  1677 | D:3      | Killed Dmg11's ghost
  1677 | D:3      | Reached skill level 5 in Axes
  1677 | D:3      | Reached XP level 7. HP: 44/44 MP: 7/7
  1864 | D:3      | Reached *** piety under Trog
  2016 | D:3      | Reached skill level 6 in Axes
  2248 | D:3      | Found an opulent altar of Gozag.
  2249 | D:3      | Found a sparkling altar of Nemelex Xobeh.
  2330 | D:3      | Found an ancient bone altar of Kikubaaqudgha.
  2331 | D:3      | Found a blossoming altar of Fedhas.
  2531 | D:4      | Reached skill level 5 in Fighting
  2614 | D:4      | Found the +4 Vampire's Tooth {vamp}
  2664 | D:4      | Reached XP level 8. HP: 49/49 MP: 8/8
  2767 | D:4      | Reached **** piety under Trog
  2798 | D:4      | Found a glowing golden altar of the Shining One.
  3269 | D:4      | Noticed llamajesus's ghost (amateur DsFi)
  3276 | D:4      | Killed llamajesus's ghost
  3276 | D:4      | Reached skill level 7 in Axes
  3496 | D:5      | Entered Level 5 of the Dungeon
  3869 | D:5      | Found a hazy altar of Hepliaklqana.
  4101 | D:5      | Noticed wevryn's ghost (amateur MiFi)
  4115 | D:5      | Killed wevryn's ghost
  4115 | D:5      | Reached skill level 8 in Axes
  4333 | D:5      | Found a radiant altar of Vehumet.
  4359 | D:5      | Found a staircase to the Ecumenical Temple.
  4568 | Temple   | Entered the Ecumenical Temple
  4679 | D:6      | Reached XP level 9. HP: 55/55 MP: 9/9
  4684 | D:6      | Noticed Eustachio
  4694 | D:6      | Killed Eustachio
  4694 | D:6      | Reached skill level 9 in Axes
  4699 | D:6      | Noticed blackflag1's ghost (novice MiGl)
  4709 | D:6      | Killed blackflag1's ghost
  4968 | D:6      | Found a burning altar of Makhleb.
  5096 | D:6      | Received a gift from Trog
  5211 | D:6      | Reached skill level 10 in Axes
  5800 | D:7      | Found a hide-covered altar of Uskayaw.
  5869 | D:7      | Reached XP level 10. HP: 60/61 MP: 10/10
  5875 | D:7      | Found Nangewig's Jewellery Shoppe.
  6140 | D:7      | Found a glowing silver altar of Zin.
  6140 | D:7      | Found a deep blue altar of Sif Muna.
  6529 | D:8      | Noticed Grum
  6542 | D:8      | Killed Grum
  6803 | D:8      | Found Bamoprox's Book Boutique.
  6812 | D:8      | Found Nimuipla's Book Shoppe.
  6817 | D:8      | Noticed MollyMolluskus's ghost (novice OpFi)
  6834 | D:8      | Killed MollyMolluskus's ghost
  6834 | D:8      | Reached ***** piety under Trog
  6834 | D:8      | Reached skill level 11 in Axes
  6904 | D:8      | Got a translucent steel ring
  6923 | D:8      | Identified the ring "Kejur" {*Corrode +Blink rPois rN++ Dex+4} (You found it on level 8 of the Dungeon)
  6937 | D:8      | Noticed Joseph
  6947 | D:8      | Killed Joseph
  7032 | D:8      | Noticed Prince Ribbit
  7128 | D:8      | Found Vistraesu's Jewellery Shop.
  7148 | D:8      | Reached skill level 5 in Dodging
  7173 | D:8      | Found Emicauh's Book Boutique.
  7257 | D:8      | Killed Prince Ribbit
  7312 | D:9      | Noticed a two-headed ogre
  7321 | D:9      | Killed a two-headed ogre
  7321 | D:9      | Reached XP level 11. HP: 55/68 MP: 11/11
  7490 | D:9      | Reached skill level 12 in Axes
  7536 | D:9      | Found a staircase to the Lair.
  7590 | D:9      | Reached skill level 5 in Stealth
  7732 | D:9      | Found a shimmering altar of Xom.
  7882 | D:9      | Received a gift from Trog
  8233 | D:10     | Entered Level 10 of the Dungeon
  8240 | D:10     | Noticed an eight-headed hydra
  8254 | D:10     | Slain by a nine-headed hydra

Skill      XL: |  1  2  3  4  5  6  7  8  9 10 11 |
---------------+----------------------------------+-----
Axes           | 3 4 5 6 8 10 11 12 | 12.3
Dodging        | 2 3 4 5 |  5.2
Fighting       | 4 5 6 7 8 |  8.3
Stealth        | 1 2 3 4 5 |  5.2
Armour         | 4 |  4.3

Action                   |  1- 3 |  4- 6 |  7- 9 | 10-12 || total
-------------------------+-------+-------+-------+-------++-------
Melee: Hand axe          |    85 |    53 |       |       ||   138
       War axe           |       |    26 |   225 |   171 ||   422
       Executioner's axe |       |       |       |    16 ||    16
Invok: Berserk           |     1 |     2 |     5 |     3 ||    11
       Burn Spellbooks   |       |       |       |     1 ||     1
       Brothers in Arms  |       |       |       |     1 ||     1
  Use: Scroll            |       |       |    18 |     5 ||    23
       Potion            |       |       |       |     1 ||     1
 Stab: Sleeping          |       |       |     2 |     8 ||    10
  Eat: Chunk             |       |     2 |     7 |    12 ||    21
       Ration            |       |     1 |     3 |       ||     4
Armor: Animal skin       |    26 |    23 |       |       ||    49
       Robe              |       |     4 |    58 |       ||    62
       Plate armour      |       |       |    49 |    39 ||    88
       Ring mail         |       |       |     7 |       ||     7
       Leather armour    |       |       |       |    48 ||    48
Dodge: Dodged            |    69 |    71 |   125 |   130 ||   395
